 Dungeon Crawl Stone Soup version 0.25-a0-804-g50c693f418 (webtiles) character file.

Game seed: 8724836678214195033, levelgen mode: deterministic

52 sanka the Chiller (level 3, -1/24 HPs)
             Began as a Barachi Ice Elementalist on Apr 19, 2020.
             Slain by a gnoll
             ... wielding a +0 spear
              (4 damage)
             ... on level 2 of the Dungeon.
             The game lasted 00:03:42 (1508 turns).

sanka the Chiller (Barachi Ice Elementalist)        Turns: 1508, Time: 00:03:43

Health: -1/24      AC:  2    Str:  9    XL:     3   Next: 85%
Magic:  3/8        EV: 12    Int: 16    God:
Gold:   79         SH:  0    Dex: 12    Spells: 2/9 levels left

rFire    . . .     SeeInvis .   a - +0 hunting sling
rCold    . . .     Gourm    .   (no shield)
rNeg     . . .     Faith    .   m - +0 robe
rPois    .         Spirit   .   (no helmet)
rElec    .         Reflect  .   (no cloak)
rCorr    .         Harm     .   (no gloves)
MR       .....                  (no boots)
Stlth    ++........             (no amulet)
HPRegen  0.08/turn              (no ring)
MPRegen  0.11/turn              (no ring)

@: very slightly contaminated, slow
A: +LOS, swims, slowness 1, strong legs 1
a: Hop


You were on level 2 of the Dungeon.
You were not hungry.

You visited 1 branch of the dungeon, and saw 2 of its levels.

You collected 79 gold pieces.


Innate Abilities, Weirdness & Mutations

You can be seen from farther away. (+LOS)
You can swim through water.
You cover ground slowly.
You can hop short distances.


   Skills:
 - Level 2.1 Dodging
 - Level 1.7 Stealth
 + Level 3.5 Spellcasting
 * Level 5.5 Ice Magic


You had 2 spell levels left.
You knew the following spells:

 Your Spells              Type           Power        Failure   Level  Hunger
a - Ozocubu's Armour      Chrm/Ice       ##......     17%         3    ###....
y - Frozen Ramparts       Ice            ###...       5%          3    ###....
z - Freeze                Ice            ###.         1%          1    None

Your spell library contained the following spells:

 Spells                   Type           Power        Failure   Level  Hunger
 Animate Skeleton         Necr           N/A          19%         1    None
 Apportation              Tloc           #.....       19%         1    None
 Corona                   Hex            #......      19%         1    None
 Summon Small Mammal      Summ           #...         19%         1    None
 Hailstorm                Conj/Ice       ##......     50%         4    ####...
 Summon Ice Beast         Ice/Summ       ##......     50%         4    ####...

Inventory:

Hand Weapons
 a - a +0 hunting sling (weapon)
 b - a +2 dagger of venom
 d - a +0 mace
 g - a +1 mace of protection
Missiles
 l - 6 javelins
 n - 89 stones
 o - 12 sling bullets (quivered)
Armour
 m - a +0 robe (worn)
Jewellery
 p - a +2 ring of dexterity {unknown}
Scrolls
 e - a scroll of amnesia {unknown}
 i - a scroll of magic mapping {unknown}
 j - a scroll of fog {unknown}
 k - a scroll of identify {unknown}
Potions
 f - 2 potions of degeneration {unknown}
 h - a potion of haste {unknown}
Comestibles
 c - 3 rations
 q - a chunk of flesh

Dungeon Overview and Level Annotations

Branches:
Dungeon (2/15)

Altars:
Qazlal

▒....▒....▒.▒ ▒
▒.▒.▒▒.▒▒▒▒.▒ .▒▒ .
▒.▒.▒▒.▒▒▒▒.▒ .. ..
▒......(....▒..▒...
▒▒▒.▒▒.▒▒▒▒▒▒.....▒
▒.▒▒.▒ .......▒
▒.▒▒.▒ .......▒
▒.▒▒.▒▒▒▒........
▒.▒▒..÷.F....(...
▒.▒▒▒▒▒▒▒g.......
▒.▒ g.▒▒...▒ ▒. .▒.
.▒.▒ .▒ .. ▒ ▒
((... .. (▒ ▒.▒ ..
.. .▒ ▒▒ .▒ . .. ▒▒
▒ ▒▒


You could see 2 gnolls.


Message History

Firing (i - inventory. (/) - cycle)
o - 14 sling bullets (quivered)
Aim: a gnoll, wielding a +0 spear (heavily wounded)
You shoot a sling bullet.
The sling bullet barely misses the gnoll.
Firing (i - inventory. (/) - cycle)
o - 13 sling bullets (quivered)
Aim: a gnoll, wielding a +0 spear (heavily wounded)
You shoot a sling bullet.
The sling bullet hits the gnoll but does no damage.
The gnoll closely misses you.
Aiming: Freeze (safe; 1% risk of failure)
Aim: a gnoll, wielding a +0 flail of protection You freeze the gnoll.
The gnoll is moderately wounded.
The gnoll hits you with a +0 flail of protection!
Unknown command.
Aiming: Freeze (safe; 1% risk of failure)
Aim: a gnoll, wielding a +0 flail of protection (moderately wounded)
You freeze the gnoll.
The gnoll is heavily wounded.
The gnoll hits you from afar with a +0 spear.
The gnoll hits you with a +0 flail of protection!
Ouch! That really hurt!
* * * LOW HITPOINT WARNING * * *
Aiming: Freeze (safe; 1% risk of failure)
Aim: a gnoll, wielding a +0 flail of protection (heavily wounded)
You miscast Freeze.
You are very lightly contaminated with residual magic.
Nothing appears to happen.
The gnoll hits you from afar with a +0 spear.
You die...

Action                   || total
-------------------------++-------
Melee: Mace              ||     8
       Dagger            ||     3
 Fire: Hunting sling     ||    13
 Cast: Freeze            ||    39
 Stab: Sleeping          ||     2
  Eat: Chunk             ||     2
Armor: Robe              ||     9
Dodge: Dodged            ||    31

Levels and vault maps discovered:
D:1:      elethiomel_arrival_maze, layout_basic
D:2:      layout_loops_ring, grunt_qazlal_clouds

Notes
Turn   | Place    | Note
-------+----------+-------------------------------------------
     0 | D:1      | sanka the Barachi Ice Elementalist began the quest for the
                  | Orb.
     0 | D:1      | Reached XP level 1. HP: 13/13 MP: 3/3
   201 | D:1      | Reached skill level 3 in Spellcasting
   201 | D:1      | Reached XP level 2. HP: 8/19 MP: 3/6
   599 | D:1      | Reached skill level 5 in Ice Magic
   634 | D:1      | Reached XP level 3. HP: 24/24 MP: 4/7
  1150 | D:2      | Found a stormy altar of Qazlal.
  1398 | D:2      | Learned a level 3 spell: Frozen Ramparts
  1402 | D:2      | Learned a level 3 spell: Ozocubu's Armour
  1508 | D:2      | Slain by a gnoll

Vanquished Creatures
  2 gnolls
  A dart slug (D:1)
  7 bats
  A giant cockroach (D:1)
  7 goblins
  4 hobgoblins
  A frilled lizard (D:1)
  6 kobolds
  4 rats
33 creatures vanquished.
